 Dungeon Crawl Stone Soup version 0.30.1-9-gdf580d7c3d (webtiles) character file.

Game seed: 10028717957452253249

49 Ivernyr the Shield-Bearer (level 4, -6/37 HPs)
             Began as a Formicid Fighter on Oct 9, 2023.
             Engulfed by a cloud of flame (13 damage)
             ... on level 3 of the Dungeon.
             The game lasted 00:03:32 (1887 turns).

Ivernyr the Shield-Bearer (Formicid Fighter)        Turns: 1887, Time: 00:03:32

Health: -6/37      AC:  7    Str: 23    XL:     4   Next: 2%
Magic:  4/4        EV:  9    Int:  7    God:
Gold:   72         SH:  5    Dex: 13    Spells: 3/3 levels left

rFire   . . .        a - +0 war axe
rCold   . . .        c - +0 buckler
rNeg    . . .        b - +0 scale mail
rPois   .            (helmet unavailable)
rElec   .            (no cloak)
rCorr   .            (no gloves)
SInv    +            (no boots)
Will    .....        (no amulet) Stlth
                     (no ring)
HPRegen 0.26/turn    (no ring)
MPRegen 0.09/turn

%: no passive effects
@: no status effects
A: permanent stasis, dig shafts and tunnels, antennae 3, four strong arms
a: Dig, Shaft Self


You were on level 3 of the Dungeon.
You visited 1 branch of the dungeon, and saw 3 of its levels.

You collected 72 gold pieces.

Inventory:

Hand Weapons
 a - a +0 war axe (weapon)
Armour
 b - a +0 scale mail (worn)
 c - a +0 buckler (worn)
Jewellery
 j - a +6 ring of intelligence
 l - a +6 ring of strength
Scrolls
 f - a scroll of fog {unknown}
 g - 3 scrolls of identify {unknown}
 h - 2 scrolls of noise {unknown}
 k - 2 scrolls of teleportation {unknown}
 o - a scroll of poison {unknown}
Potions
 d - a potion of might
 e - 3 potions of attraction {unknown}
 i - a potion of haste {unknown}
 m - a potion of mutation {unknown}
 n - a potion of curing {unknown}


   Skills:
 + Level 3.7 Fighting
 * Level 2.9 Axes
 + Level 3.7 Armour
 + Level 4.5 Shields


You had 3 spell levels left.
You didn't know any spells.
Your spell library contained the following spells:

 Spells                   Type           Power      Damage    Failure   Level
 Lesser Beckoning         Tloc           0%         N/A       91%         2
 Poisonous Vapours        Pois/Air       0%         N/A       91%         2
 Gell's Gravitas          Tloc           0%         N/A       99%         3
 Mephitic Cloud           Conj/Pois/Air  0%         N/A       99%         3
 Teleport Other           Tloc           0%         N/A       99%         3
 Freezing Cloud           Conj/Ice/Air   0%         6-21      100%        5


Dungeon Overview and Level Annotations

Branches:
Dungeon (3/15)

Altars:
The Shining One


Innate Abilities, Weirdness & Mutations

You cannot be hasted, slowed, berserked, paralysed or teleported.
You can dig through walls and to a lower floor.
You have a pair of large antennae on your head. (SInv)
Your four strong arms can wield two-handed weapons with a shield.


Message History

You block the worm's attack.
You completely miss the worm. The worm bites you but does no damage.
You hit the worm.
The worm is moderately wounded.
You slash the worm!
You kill the worm!
You see here a worm corpse.
A goblin comes into view. It is wielding a +0 dagger.
The goblin shouts!
A goblin is nearby!
The goblin barely misses you.
You hit the goblin.
You kill the goblin!
You have reached level 4!
You feel stronger.
o - a scroll labelled DOSIOLANEQ You sense a monster nearby.
A giant cockroach comes into view.
Found 22 gold pieces and an emerald ring.
You slash the giant cockroach!
You kill the giant cockroach!
Found a lumpy amethyst potion, a robe and 2 stones.
Really walk into a travel-excluded area?
Okay, then.
Really walk into a travel-excluded area?
You are engulfed in blazing flames.
Ouch! That really hurt!
You start resting.
HP restored.
You are engulfed in blazing flames.
You start resting.
HP restored.
You are engulfed in blazing flames.
You start resting.
HP restored.
You are engulfed in blazing flames.
You are engulfed in blazing flames.
* * * LOW HITPOINT WARNING * * *
You are engulfed in blazing flames.
You die...

#####.... #. ####
#....... #§
#..####....#.. #°§
##.........#.# #§○§
#..#.).....#.#
##...#######........#.#
§.....§☼○.#.......<...##
..([!.☼§§............†..
§.=.$.○@§............###
##...######..........#
#§§§# #..........# #§§.#
##..>.....## #.°☼#
#..........# #...#
#..(...)...#
#..######..........#
##.................#
########..........#


There were no monsters in sight!

Vanquished Creatures
  2 worms
  A dart slug (D:1)
  6 endoplasms
  2 giant cockroaches
  3 hobgoblins (D:1)
  3 jackals (D:1)
  5 ball pythons
  3 bats
  3 frilled lizards
  6 goblins
  2 kobolds (D:2)
  3 rats (D:1)
39 creatures vanquished.

Notes
Turn   | Place    | Note
-------+----------+-------------------------------------------
     0 | D:1      | Ivernyr the Formicid Fighter began the quest for the Orb.
     0 | D:1      | Reached XP level 1. HP: 18/18 MP: 1/1
   297 | D:1      | Reached XP level 2. HP: 24/24 MP: 2/2
   408 | D:1      | Reached XP level 3. HP: 29/29 MP: 3/3
   626 | D:1      | Found a faded altar of an unknown god.
   950 | D:2      | Identified the +2 ring mail of Goibiv {Rampage rCorr}
  1556 | D:2      | Found a glowing golden altar of the Shining One.
  1656 | D:3      | Reached XP level 4. HP: 37/37 MP: 4/4
  1887 | D:3      | Engulfed by a cloud of flame

Illustrated notes

Levels and vault maps discovered:
D:1:      roderic_chinese_lattice_arrival, layout_basic,
          shapermc_ecumenical_altar_mp_ritualfount
D:2:      layout_loops_corners, basic_altar, skrybe_limestone_x, nicolae_titane
D:3:      layout_rooms, nicolae_gozag_cash_rules_everything_around_me,
          lemuel_flame_loot_1

Action                     |  1- 3 |  4- 6 || total
---------------------------+-------+-------++-------
  Melee: War axe           |   101 |     1 ||   102
 Armour: Scale mail        |    50 |       ||    50
  Dodge: Dodged            |    38 |       ||    38
  Block: Buckler           |    35 |       ||    35
